AoeStats
← Gravlax

Black Forest

505064861Analyzed
4v4 RM · 25d ago on Sep 7, 2026· 79m 57s· 8 players
Game mode
Random Map
Map size
Large (8 player)
Population
200
Speed
Normal
Resources
Standard
Victory
Conquest
Starting age
Dark Age
Ending age
Imperial Age
RankedLock teamsTeams togetherTeam positionsShared explorationLock speedFull tech treeHidden civsTurbo modeCheats
Victory
Defeat
🇨🇦 Franks · Canada
982
+36
🇹🇷 Georgians · Türkiye
911
+16
🇨🇭 Spanish · Switzerland
904
+17
🇨🇦 Persians · Canada
892
+17
🇹🇷 Dravidians · Türkiye
943
-20
🇭🇰 Mongols · Hong Kong SAR China
921
-16
🇹🇷 Turks · Türkiye
921
-16
🇨🇳 Jurchens · China
907
-15
hussain.91
6:12 Loom
10:49 Feudal Age
13:52 Horse Collar
17:21 Double-Bit Axe
20:30 Gold Mining
23:12 Castle Age
26:22 Scale Barding Armor
26:28 Forging
30:19 Heavy Plow
31:03 Fletching
32:11 Bow Saw
34:14 Wheelbarrow
34:31 Iron Casting
34:17 Chain Barding Armor
34:01 Squires
34:45 Pikeman
35:55 Medical Corps
37:12 Arson
42:58 Imperial Age
40:53 Hand Cart
41:00 Bodkin Arrow
43:16 Padded Archer Armor
43:44 Halberdier
45:29 Blast Furnace
44:30 Bracer
44:49 Leather Archer Armor
44:35 Scale Mail Armor
47:36 Town Watch
48:16 Ballistics
48:56 Chemistry
48:21 Elite Urumi Swordsman
48:26 Elite Elephant Archer
57:18 Caravan
71:10 Two-Man Saw
70:12 Light Cavalry
72:07 Husbandry
RASHAD KHALID
12:22 Loom
14:09 Feudal Age
19:15 Castle Age
19:31 Double-Bit Axe
19:40 Gold Mining
24:44 Imperial Age
24:32 Fletching
31:19 Bodkin Arrow
44:00 Squires
69:49 Theocracy
70:39 Bow Saw
70:39 Husbandry
71:23 Bloodlines
71:22 Horse Collar
72:56 Padded Archer Armor
73:07 Forging
72:58 Scale Mail Armor
73:04 Scale Barding Armor
不知名帅哥
0:27 Loom
13:07 Feudal Age
17:36 Castle Age
22:12 Double-Bit Axe
24:26 Wheelbarrow
25:37 Hand Cart
31:43 Imperial Age
29:39 Bow Saw
29:30 Murder Holes
30:06 Bloodlines
30:06 Scale Barding Armor
31:07 Husbandry
30:29 Light Cavalry
31:12 Horse Collar
31:34 Caravan
31:33 Gold Mining
33:21 Stone Mining
33:26 Fletching
33:37 Padded Archer Armor
34:09 Conscription
35:27 Chain Barding Armor
35:19 Forging
35:32 Elite Mangudai
36:12 Bodkin Arrow
37:01 Hussar
42:47 Nomads
43:53 Gold Shaft Mining
43:55 Stone Shaft Mining
43:58 Iron Casting
43:23 Bracer
43:39 Leather Archer Armor
43:24 Scale Mail Armor
43:56 Atonement
44:52 Fervor
46:25 Elite Steppe Lancer
59:00 Heavy Plow
70:11 Pikeman
hold up
1:20 Loom
15:30 Feudal Age
20:58 Castle Age
19:15 Double-Bit Axe
19:13 Horse Collar
19:31 Gold Mining
19:39 Stone Mining
22:27 Bow Saw
23:43 Wheelbarrow
24:30 Heavy Plow
27:05 Caravan
27:36 Treadmill Crane
29:29 Fortified Wall
29:33 Fervor
30:23 Fletching
34:51 Imperial Age
32:45 Town Watch
33:20 Hand Cart
32:52 Town Watch
35:06 Heavy Rocket Cart
36:03 Siege Engineers
35:53 Murder Holes
36:20 Ballistics
37:01 Chemistry
36:15 Masonry
37:19 Conscription
37:36 Hoardings
36:58 Elite Fire Lancer
37:24 Gambesons
37:40 Squires
39:34 Arson
47:56 Pikeman
47:59 Man-at-Arms
49:32 Halberdier
52:57 Elite Iron Pagoda
terracotta
0:28 Loom
13:30 Feudal Age
20:22 Castle Age
19:20 Fletching
23:52 Double-Bit Axe
26:11 Bodkin Arrow
28:26 Gold Mining
35:13 Imperial Age
33:33 Svan Towers
33:36 Guard Tower
36:43 Bloodlines
36:34 Husbandry
37:31 Keep
37:41 Bracer
38:02 Arrowslits
39:01 Conscription
38:48 Horse Collar
40:10 Ballistics
41:19 Coinage
41:11 Bow Saw
42:31 Fortified Wall
43:16 Forging
42:30 Elite Monaspa
43:35 Masonry
44:57 Heavy Plow
46:00 Murder Holes
46:10 Stone Mining
46:26 Caravan
47:30 Architecture
48:14 Stone Shaft Mining
47:25 Treadmill Crane
47:25 Elite Skirmisher
49:14 Chemistry
50:20 Iron Casting
51:38 Banking
54:10 Siege Engineers
54:55 Wheelbarrow
54:07 Town Watch
56:19 Squires
56:05 Gambesons
56:55 Hand Cart
57:17 Crop Rotation
57:39 Guilds
60:36 Hoardings
65:17 Blast Furnace
68:21 Town Patrol
70:32 Light Cavalry
72:01 Arson
71:37 Pikeman
73:57 Blast Furnace
72:58 Padded Archer Armor
72:59 Scale Mail Armor
74:35 Aznauri Cavalry
74:42 Scale Barding Armor
75:56 Sappers
76:02 Sappers
78:31 Chain Barding Armor
78:27 Chain Mail Armor
78:27 Leather Archer Armor
tyco170
0:47 Loom
11:17 Feudal Age
11:39 Horse Collar
11:45 Double-Bit Axe
14:46 Wheelbarrow
14:12 Gold Mining
14:12 Stone Mining
14:37 Stone Mining
19:58 Castle Age
20:44 Bow Saw
20:36 Heavy Plow
22:33 Hand Cart
22:04 Town Watch
23:27 Gold Shaft Mining
23:28 Stone Shaft Mining
25:57 Fervor
26:48 Scale Barding Armor
28:33 Ballistics
28:20 Town Patrol
32:29 Imperial Age
30:21 Caravan
30:57 Chain Barding Armor
30:48 Forging
31:44 Fletching
33:03 Iron Casting
32:30 Murder Holes
33:38 Plate Barding Armor
34:41 Chemistry
33:32 Elite War Elephant
35:05 Conscription
35:56 Blast Furnace
35:41 Crop Rotation
36:15 Two-Man Saw
36:17 Husbandry
36:39 Bloodlines
45:33 Citadels
46:19 Onager
48:09 Hoardings
63:54 Heavy Scorpion
77:18 Bodkin Arrow
77:23 Padded Archer Armor
77:24 Scale Mail Armor
Gravlax
8:59 Loom
11:22 Feudal Age
11:56 Double-Bit Axe
15:37 Wheelbarrow
15:40 Man-at-Arms
22:02 Castle Age
21:15 Gold Mining
23:27 Bow Saw
29:50 Forging
33:38 Iron Casting
36:00 Fletching
37:14 Bodkin Arrow
41:23 Imperial Age
40:34 Stone Mining
44:00 Blast Furnace
42:49 Cavalier
44:16 Scale Barding Armor
44:22 Husbandry
45:56 Paladin
47:22 Chain Barding Armor
48:55 Hand Cart
50:22 Plate Barding Armor
59:56 Padded Archer Armor
59:58 Murder Holes
61:04 Chemistry
60:37 Ballistics
60:44 Caravan
67:07 Town Watch
67:31 Murder Holes
67:35 Light Cavalry
swiss
1:46 Loom
2:30 Loom
12:05 Feudal Age
14:38 Double-Bit Axe
15:18 Town Watch
17:37 Castle Age
15:33 Gold Mining
15:26 Horse Collar
16:51 Stone Mining
19:30 Bow Saw
25:20 Wheelbarrow
24:33 Town Watch
25:30 Stone Shaft Mining
26:34 Hand Cart
27:55 Padded Archer Armor
27:45 Fletching
31:44 Imperial Age
30:01 Fortified Wall
30:04 Masonry
30:19 Ballistics
31:19 Coinage
31:12 Bodkin Arrow
33:01 Bracer
33:17 Leather Archer Armor
33:16 Bloodlines
33:06 Husbandry
33:29 Conscription
33:46 Hoardings
33:43 Architecture
35:13 Banking
34:54 Guilds
34:45 Caravan
35:20 Ring Archer Armor
34:58 Scale Barding Armor
35:12 Forging
36:09 Two-Man Saw
36:44 Conscription
37:42 Hoardings
37:25 Elite Conquistador
40:45 Elite Skirmisher
41:31 Thumb Ring
41:44 Elite Conquistador
45:17 Cavalier
47:15 Heavy Plow
50:05 Capped Ram
Connection lost

Rejoining the realm…

Still unreachable

The connection could not be restored.

Session expired

The server has moved on; the page needs a fresh start.